 Dungeon Crawl Stone Soup version 0.29.1-15-g9cfb28693d (webtiles) character file.

Game seed: 4428699104906975333

7 growler the Insei (level 2, -3/21 HPs)
             Began as a Merfolk Transmuter on Mar 15, 2023.
             Slain by a goblin
             ... wielding a +0 dagger
              (4 damage)
             ... on level 1 of the Dungeon.
             The game lasted 00:00:48 (268 turns).

growler the Insei (Merfolk Transmuter)               Turns: 268, Time: 00:00:48

Health: -3/21      AC:  2    Str: 10    XL:     2   Next: 4%
Magic:  5/5        EV: 12    Int: 12    God:
Gold:   6          SH:  0    Dex: 14    Spells: 4/5 levels left

rFire   . . .      SeeInvis .     - Unarmed
rCold   . . .      Faith    .   (no shield)
rNeg    . . .      Spirit   .   a - +0 robe
rPois   .          Reflect  .   (no helmet)
rElec   .          Harm     .   (no cloak)
rCorr   .          Rampage  .   (no gloves)
Will    .....                   (no boots)
Stlth   +.........              (no amulet)
HPRegen 0.07/turn               (no ring)
MPRegen 0.09/turn               (no ring)

@: no status effects
A: (nimble swimmer 2), mertail
a: no special abilities


You were on level 1 of the Dungeon.
You visited 1 branch of the dungeon, and saw 1 of its levels.

You collected 6 gold pieces.

Inventory:

Armour
 a - a +0 robe (worn)
 c - a +0 helmet
Potions
 b - a potion of lignification


   Skills:
 - Level 1.1 Fighting
 - Level 2.6 Dodging
 + Level 3.5 Unarmed Combat
 + Level 2.2 Spellcasting
 + Level 3.0 Transmutations


You had 4 spell levels left.
You knew the following spells:

 Your Spells              Type           Power      Damage    Failure   Level
a - Beastly Appendage     Tmut           16%        N/A       8%          1

Your spell library contained the following spells:

 Spells                   Type           Power      Damage    Failure   Level
 Wereblood                Tmut           8%         N/A       12%         2
 Spider Form              Tmut/Pois      4%         N/A       41%         3
 Ice Form                 Ice/Tmut       4%         N/A       82%         4


Dungeon Overview and Level Annotations

Branches:
Dungeon (1/15)

Altars:


Innate Abilities, Weirdness & Mutations

((You are very nimble when in or above water. (Stealth+, EV+, Speed+++)))
Your lower body shifts to a powerful aquatic tail in water.


Message History

You closely miss the goblin. The goblin closely misses you.
You hit the hobgoblin but do no damage. You headbutt the hobgoblin.
The hobgoblin is almost dead.
The goblin barely misses you. The hobgoblin closely misses you.
You barely miss the hobgoblin.
You headbutt the hobgoblin, but do no damage.
The hobgoblin is almost dead.
The hobgoblin closely misses you. The goblin barely misses you.
You closely miss the hobgoblin.
The hobgoblin is almost dead.
The quokka completely misses you. The hobgoblin closely misses you.
The goblin barely misses you.
You closely miss the hobgoblin. You headbutt the hobgoblin.
You kill the hobgoblin!
The quokka closely misses you. The quokka bites you.
Your Transmutations skill increases to level 3!
You closely miss the quokka. Your headbutt misses the quokka.
The goblin hits you with a +0 dagger. The quokka closely misses you.
You hit the quokka but do no damage.
Your horns disappear.
The goblin hits you with a +0 dagger. The quokka closely misses you.
You hit the quokka.
The quokka is severely wounded.
The goblin hits you but does no damage. The quokka misses you.
You miss the quokka.
The quokka is severely wounded.
The goblin misses you. The quokka misses you.
You hit the quokka.
The quokka is almost dead.
The quokka misses you. The goblin hits you with a +0 dagger.
* * * LOW HITPOINT WARNING * * *
You hit the quokka.
You kill the quokka!
The goblin hits you with a +0 dagger.
* * * LOW HITPOINT WARNING * * *
You have reached level 2!
You hit the goblin.
The goblin is heavily wounded.
The goblin hits you with a +0 dagger.
You die...

♣♣♣...♣♣♣ PPP..P..
....... . .. ....P .P
... ♣P.P♣ ..♣ .... ♣P.[♣
...♣ ...P♣♣♣.).♣♣♣...♣♣
.....P..PP.PP†P....P
.##...........@)......
..........PP...Pg...P..
+#.....#..♣♣♣...♣♣♣P..♣♣
..........♣ ♣P.P♣ ..♣
.........P♣♣♣..P♣♣♣P..♣
......[.....P..P..... ..
..................... .
.###......PP.........P
..#.......♣♣♣..P♣♣♣P..


You could see a goblin.

Vanquished Creatures
  2 goblins (D:1)
  A hobgoblin (D:1)
  3 quokkas (D:1)
6 creatures vanquished.

Vanquished Creatures (others)
  2 plants (D:1)
2 creatures vanquished.

Grand Total: 8 creatures vanquished

Notes
Turn   | Place    | Note
-------+----------+-------------------------------------------
     0 | D:1      | growler the Merfolk Transmuter began the quest for the Orb.
     0 | D:1      | Reached XP level 1. HP: 15/15 MP: 3/3
   268 | D:1      | Reached XP level 2. HP: 1/21 MP: 5/5
   268 | D:1      | Slain by a goblin

Illustrated notes

Levels and vault maps discovered:
D:1:      dpeg_arrival_pond, layout_basic, kennysheep_boxes

Skill      XL: |  1 |
---------------+----+-----
Transmutations | 3 |  3.0
Fighting       | |  1.1
Dodging        | |  2.6
Unarmed Combat | |  3.5
Spellcasting   | |  2.2

Action                   || total
-------------------------++-------
Melee: Unarmed           ||    26
       Headbutt          ||     3
 Cast: Beastly Appendage ||     3
Armor: Robe              ||     2
Dodge: Dodged            ||    25
